 Dungeon Crawl Stone Soup version 0.32-a0-290-g598725c5f2 (webtiles) character file.

Game seed: 2141697669090850600

197 Daunt the Chopper (level 5, -1/47 HPs)
             Began as a Mountain Dwarf Fighter on Feb 13, 2024.
             Slain by a gnoll
             ... wielding a +0 halberd
             ... led by a gnoll bouda
              (5 damage)
             ... on level 3 of the Dungeon.
             The game lasted 00:06:35 (2102 turns).

Daunt the Chopper (Mountain Dwarf Fighter)          Turns: 2102, Time: 00:06:36

Health: -1/47      AC:  6    Str: 20    XL:     5   Next: 46%
Magic:  5/5        EV:  9    Int:  9    God:
Gold:   234        SH:  4    Dex:  9    Spells: 4/4 levels left

rFire   . . .        a - +0 war axe
rCold   . . .        c - +0 buckler
rNeg    . . .        b - +0 scale mail
rPois   .            (no helmet)
rElec   .            (no cloak)
rCorr   .            (no gloves)
SInv    .            (no boots)
Will    .....        (no amulet) Stlth
                     (no ring)
HPRegen 0.27/turn    (no ring)
MPRegen 0.09/turn

%: no passive effects
@: mighty, weakened
A: runic magic, artefact enchanting
a: no special abilities


You were on level 3 of the Dungeon.
You visited 1 branch of the dungeon, and saw 3 of its levels.

You collected 234 gold pieces.

Inventory:

Hand Weapons
 a - a +0 war axe (weapon)
 e - a +0 flail
Missiles
 j - 22 stones (quivered)
Armour
 b - a +0 scale mail (worn)
 c - a +0 buckler (worn)
Jewellery
 l - a ring of magical power
Scrolls
 g - a scroll of identify {unknown}
 i - 2 scrolls of noise {unknown}
 m - a scroll of immolation {unknown}
 n - a scroll of enchant armour {unknown}
 p - a scroll of revelation {unknown}
Potions
 f - a potion of curing {unknown}
 h - a potion of cancellation {unknown}
 k - a potion of enlightenment {unknown}
 o - a potion of heal wounds {unknown}


   Skills:
 + Level 4.7 Fighting
 * Level 5.1(5.4) Axes
 - Level 2.4(4.1) Maces & Flails
 - Level 3.2 Armour
 - Level 3.2 Shields


You had 4 spell levels left.
You didn't know any spells.
Your spell library contained the following spells:

 Spells                   Type           Power      Damage    Failure   Level
 Tukima's Dance           Hex            0%         N/A       89%         3
 Dimensional Bullseye     Hex/Tloc       0%         N/A       100%        4
 Iskenderun's Mystic Bla  Conj/Tloc      0%         2d3       100%        4


Dungeon Overview and Level Annotations

Branches:
Dungeon (3/15)

Altars:


Innate Abilities, Weirdness & Mutations

Your spellcasting is much less encumbered by armour.
You can use scrolls of enchantment on lesser artefacts.


Message History

The gnoll bouda is moderately wounded.
The gnoll bouda hits you with a +0 club!
The gnoll bouda hits you but does no damage.
You closely miss the gnoll bouda.
The gnoll bouda is moderately wounded.
The gnoll bouda hits you with a +0 club.
You hit the gnoll bouda but do no damage.
The gnoll bouda is moderately wounded.
You block the gnoll's attack. You block the gnoll bouda's attack.
The gnoll closely misses you.
You slash the gnoll bouda!
The gnoll bouda is severely wounded.
The gnoll bouda hits you with a +0 club.
The gnoll hits you from afar with a +0 halberd.
The gnoll bouda barely misses you.
You barely miss the gnoll bouda.
The gnoll bouda is severely wounded.
The gnoll hits you from afar with a +0 halberd.
The gnoll bouda gazes fiercely through you!
You feel your attacks grow feeble.
The gnoll bouda hits you with a +0 club.
* * * LOW HITPOINT WARNING * * *
Unknown command.
Unknown command.
You feel very mighty all of a sudden.
The gnoll is no longer moving quickly.
The gnoll closely misses you.
The gnoll bouda barks out a call to the hunt!
The gnoll picks up the pace!
Unknown command.
Unknown command.
You slash the gnoll bouda!
You kill the gnoll bouda!
The gnoll closely misses you.
The gnoll hits you from afar with a +0 halberd!
* * * LOW HITPOINT WARNING * * *
Your Axes skill increases to level 5!
Unknown command.
Unknown command.
The gnoll hits you with a +0 halberd.
You die...

##########
#...##
#####.........
#....#
#.....########
+....# #....##
#....# #....#
#....# #....#
#....###[...#
#....#.)...##
#..@..#####
#)##g## #....#
#...### #>....
#...PP
########
#..PPg .......
#..... ....
##.P..
######'##


You could see a gnoll (swift).

Vanquished Creatures
  A gnoll bouda (D:3)
  Natasha (twice) (D:2)
  3 gnolls
  A dart slug (D:1)
  4 ribbon worms
  2 endoplasms (D:1)
  A giant cockroach (D:2)
  6 goblins
  5 hobgoblins
  4 jackals (D:2)
  3 kobolds
  A quokka (D:1)
  5 ball pythons (D:1)
  3 bats
  2 frilled lizards
  3 rats
46 creatures vanquished.

Notes
Turn   | Place    | Note
-------+----------+-------------------------------------------
     0 | D:1      | Daunt the Mountain Dwarf Fighter began the quest for the
                  | Orb.
     0 | D:1      | Reached XP level 1. HP: 19/19 MP: 1/1
    64 | D:1      | Reached skill level 1 in Axes
   127 | D:1      | Reached XP level 2. HP: 26/26 MP: 2/2
   186 | D:1      | Reached skill level 2 in Axes
   287 | D:1      | Reached XP level 3. HP: 33/33 MP: 3/3
   479 | D:1      | Reached skill level 3 in Axes
  1042 | D:2      | Reached XP level 4. HP: 40/40 MP: 4/4
  1231 | D:2      | Noticed Natasha
  1240 | D:2      | Killed Natasha
  1241 | D:2      | Reached skill level 4 in Axes
  1587 | D:2      | Noticed Natasha
  1603 | D:2      | Killed Natasha
  1604 | D:2      | Reached XP level 5. HP: 19/47 MP: 5/5
  2102 | D:3      | Reached skill level 5 in Axes
  2102 | D:3      | Slain by a gnoll

Illustrated notes

Levels and vault maps discovered:
D:1:      giann_forest_graveyard, layout_loops_ring
D:2:      layout_loops_cross, minmay_cut_off, uniq_natasha
D:3:      layout_basic, minmay_gold_behind_fungi, minmay_misc_feat_roman,
          nicolae_grassy_gnolls

Skill      XL: |  1  2  3  4  5 |
---------------+----------------+-----
Axes           | 1 2 3 4 5 |  5.1
Fighting       | 4 |  4.7
Maces & Flails | |  2.4
Armour         | |  3.2
Shields        | |  3.2

Action                     |  1- 3 |  4- 6 || total
---------------------------+-------+-------++-------
  Melee: Flail             |   101 |    65 ||   166
         War axe           |    13 |    20 ||    33
  Throw: Stone             |       |     4 ||     4
    Use: Potion            |       |     1 ||     1
 Armour: Scale mail        |    79 |    57 ||   136
  Dodge: Dodged            |    55 |    43 ||    98
  Block: Buckler           |    27 |    15 ||    42

Table legend: (Time is in decaauts)
 A = Elapsed time spent in this place.
 B = Non-inter-level travel time spent in this place.
 C = Inter-level travel time spent in this place.
 D = Time resting spent in this place.
 E = Time spent auto-exploring this place.
 F = Levels seen in this place.
 G = Mean time per level.
                   A        B        C        D        E       F      G
               +--------+--------+--------+--------+--------+-----+--------+
         Total |   2157 |   2098 |     59 |      0 |   1561 |   3 |  719.0 |
       Dungeon |   2157 |   2098 |     59 |      0 |   1561 |   3 |  719.0 |
               +--------+--------+--------+--------+--------+-----+--------+

Top non-repeatable levels by time:
     D:2: 1098 daAuts
     D:1: 805 daAuts
     D:3: 254 daAuts
